 Dungeon Crawl Stone Soup version 0.26.0-91-g99b343417d (webtiles) character file.

Game seed: 17025759271766707114

13006 Gadfly the Cleaver (level 11, 0/86 HPs)
             Began as a Demonspawn Berserker on Feb 3, 2021.
             Was a High Priest of Trog.
             Slain by a komodo dragon (31 damage)
             ... on level 9 of the Dungeon.
             The game lasted 00:26:51 (15723 turns).

Gadfly the Cleaver (Demonspawn Berserker)          Turns: 15723, Time: 00:26:51

Health: 0/86       AC: 21    Str: 25 (26) XL:     11   Next: 69%
Magic:  0/11       EV:  8    Int:  7 (9)  God:    Trog [*****.]
Gold:   337        SH:  0    Dex: 12 (13) Spells: 10/10 levels left

rFire    . . .     SeeInvis .   a - +0 battleaxe (freeze)
rCold    . . .     Faith    .   (shield currently unavailable)
rNeg     . . .     Spirit   +   D - +0 plate armour {Will+}
rPois    .         Reflect  .   o - +0 helmet
rElec    .         Harm     .   C - scarf {repulsion}
rCorr    .         Rampage  .   d - +1 pair of gloves
Will     ++...                  (no boots)
Stlth    ..........             z - amulet of guardian spirit
HPRegen  0.24/turn              l - ring of willpower
MPRegen  0.12/turn              n - +6 ring of strength

@: repel missiles
A: claws 2, demonic guardian 1, deterioration 1, mutation resistance 1, sharp
scales 3
a: Renounce Religion, Berserk, Trog's Hand, Brothers in Arms


You were on level 9 of the Dungeon.
You worshipped Trog.
Trog was extremely pleased with you.
You visited 1 branch of the dungeon, and saw 11 of its levels.

You collected 719 gold pieces.
You spent 382 gold pieces at shops.

Inventory:

Hand Weapons
 a - a +0 battleaxe of freezing (weapon)
 b - a +4 quarterstaff of chaos
 h - a +2 flail of draining
 A - a +2 battleaxe
 B - a +1 morningstar of venom
Armour
 d - a +1 pair of gloves (worn)
 o - a +0 helmet (worn)
 C - a scarf of repulsion (worn)
 D - a +0 plate armour of willpower (worn)
Jewellery
 l - a ring of willpower (left hand)
 n - a +6 ring of strength (right hand)
 s - an uncursed ring of resist corrosion
 v - a +4 ring of evasion
 z - an amulet of guardian spirit (around neck)
Wands
 c - a wand of flame (40) (quivered)
 g - a wand of acid (9)
 x - a wand of polymorph (17)
 y - a wand of paralysis (6)
Scrolls
 f - 3 scrolls of enchant armour
 k - 6 scrolls of teleportation
 m - a scroll of blinking
 q - 5 scrolls of remove curse
 t - 2 scrolls of identify
 F - 2 scrolls of fear
Potions
 e - 2 potions of attraction
 i - 2 potions of heal wounds
 j - 5 potions of curing
 p - 2 potions of ambrosia
 r - 2 potions of lignification
 u - 2 potions of might
 w - a potion of flight
Miscellaneous
 G - a lightning rod (4/4)


   Skills:
 + Level 8.1 Fighting
 * Level 9.9 Axes
 * Level 9.7 Armour
 - Level 1.7 Dodging
 + Level 9.5 Evocations


You had 10 spell levels left.
You didn't know any spells.
Your spell library was empty.

Dungeon Overview and Level Annotations

Branches:
Dungeon (11/15)            Temple (0/1) D:5             Orc (0/2) D:10
   Lair: D:8-11

Altars:
Ashenzari
Cheibriados
Gozag
Kikubaaqudgha
Qazlal
Ru
Sif Muna
Trog
Uskayaw
Wu Jian
Yredelemnul

Shops:
D:10 ?[

Annotations:
D:9 swilekon's ghost, novice DEFE


Innate Abilities, Weirdness & Mutations

You have very sharp fingernails.
A weak demonic guardian rushes to your aid.
You are completely covered in razor-sharp scales. (AC +3, Slay +3)
Your body sometimes deteriorates upon taking damage.
You are somewhat resistant to further mutation.


Message History

Your shadow imp closely misses the komodo dragon.
The moth of wrath goads the komodo dragon on!
The komodo dragon goes berserk!
Your shadow imp barely misses the komodo dragon.
The komodo dragon misses you.
Your shadow imp barely misses swilekon's ghost.
The komodo dragon barely misses you. The komodo dragon bites you!!
The komodo dragon bites you!!!
Your body deteriorates!
You feel clumsy.
There is a transporter, spattered with blood here.
Unknown command.
You enter the transporter and appear at another place.
The komodo dragon bites you but does no damage.
The komodo dragon barely misses you.
Okay, then.
Okay, then.
You feel much better. The komodo dragon bites you! x2
Your shadow imp barely misses the komodo dragon.
The komodo dragon bites you!!
You die...

.........[##.....###...###..#..#
..[......##....#.#.......##.#.##
.........###...#.#...#.#..#...###
.................#...#.#..#.....#
.......>).......##.#.....##...###
........)..#....#.#...#.)#...##
....##.)([.##...#...#©.[?#§..#
....##.....##.#l##..5..#)#..##
#..............5@#5#...#Y##.#
#...###........l##..##Y#..#.#
..### ###.......#..W#...#.#.#
..## #........##....#..##.# ...#
#.........##..©...#..# ...#
##.........#####.##.## ####
#.............###..#
##...#............##
##########..######


You could see 2 komodo dragons and a friendly shadow imp (summoned).

Vanquished Creatures
  An ettin (D:11)
  A hydra (D:11)
  2 two-headed ogres
  A tengu warrior (D:11)
  Pikel (D:8)
  A manticore (D:10)
  A gargoyle (D:10)
  Joseph (D:8)
  Psyche (D:8)
  Maggie (D:9)
  A komodo dragon (D:10)
  2 trolls (D:10)
  Grinder (D:4)
  Sigmund (D:3)
  A redback (D:9)
  A wyvern (D:8)
  A vampire mosquito (D:11)
  Edmund (D:4)
  2 water moccasins
  A hornet zombie (D:5)
  A meliai simulacrum (D:10)
  2 ice beasts
  3 sky beasts
  5 orc warriors
  3 phantoms
  4 ogres
  8 centaurs
  4 big kobolds
  2 lemures (D:8)
  4 bullfrogs
  A gnoll sergeant (D:6)
  3 scorpions
  4 killer bees (D:9)
  11 wights
  3 howler monkeys
  7 electric eels (D:7)
  A centaur zombie (D:5)
  A bullfrog zombie (D:7)
  6 hounds
  3 orc priests
  Crazy Yiuf (D:2)
  3 jellies
  4 bullfrog skeletons
  A centaur skeleton (D:8)
  3 iguanas
  6 orc wizards
  Natasha (thrice) (D:3)
  2 worker ants
  A howler monkey zombie (D:11)
  A worker ant zombie (D:8)
  Robin (D:4)
  9 adders
  4 gnolls
  A howler monkey skeleton (D:5)
  2 shadow imps
  4 white imps
  2 ufetubi (D:6)
  4 adder skeletons
  2 worms
  8 leopard geckos
  25 orcs
  3 ball pythons
  7 giant cockroaches
  10 goblins
  6 hobgoblins
  7 jackals
  10 quokkas
  6 bats
  4 frilled lizards
  18 kobolds
  A rat (D:1)
258 creatures vanquished.

Vanquished Creatures (collateral kills)
  A two-headed ogre (D:10)
  An eye of draining (D:9)
  A centaur (D:5)
  A bullfrog (D:6)
  2 electric eels (D:7)
  A jelly (D:9)
  An orc wizard (D:5)
  An adder (D:8)
  2 gnolls (D:6)
  A white imp (D:10)
  An adder skeleton (D:6)
  3 orcs
  A frilled lizard (D:4)
  A kobold (D:9)
18 creatures vanquished.

Vanquished Creatures (others)
  15 plants (D:7)
15 creatures vanquished.

Grand Total: 291 creatures vanquished

Notes
Turn   | Place    | Note
-------+----------+-------------------------------------------
     0 | D:1      | Gadfly the Demonspawn Berserker began the quest for the
                  | Orb.
     0 | D:1      | Reached XP level 1. HP: 18/18 MP: 1/1
   203 | D:1      | Gained mutation: A weak demonic guardian rushes to your
                  | aid. [demonic ancestry]
   203 | D:1      | Reached XP level 2. HP: 18/24 MP: 2/2
   502 | D:1      | Reached skill level 1 in Evocations
  1502 | D:2      | Reached XP level 3. HP: 29/29 MP: 3/3
  1639 | D:2      | Reached ** piety under Trog
  1828 | D:2      | Noticed Sigmund
  1988 | D:2      | Found a runed translucent door.
  1989 | D:2      | Noticed Crazy Yiuf
  2056 | D:2      | Found an ornate altar of the Wu Jian Council.
  2215 | D:2      | Gained mutation: You are partially covered in razor-sharp
                  | scales. (AC +1, Slay +1) [demonic ancestry]
  2215 | D:2      | Reached XP level 4. HP: 21/35 MP: 4/4
  2571 | D:2      | Killed Crazy Yiuf
  2823 | D:3      | Found a bloodstained altar of Trog.
  3065 | D:3      | Killed Sigmund
  3066 | D:3      | Reached XP level 5. HP: 42/42 MP: 5/5
  3066 | D:3      | Gained mutation: You are mostly covered in razor-sharp
                  | scales. (AC +2, Slay +2) [demonic ancestry]
  3066 | D:3      | Reached XP level 6. HP: 48/48 MP: 6/6
  3178 | D:3      | Noticed Natasha
  3182 | D:3      | Killed Natasha
  3213 | D:3      | Noticed Natasha
  3224 | D:3      | Killed Natasha
  3735 | D:3      | Gained mutation: Your magical capacity is low. (-10% MP)
                  | [potion of mutation]
  3735 | D:3      | Gained mutation: Scrolls take you a little longer to read.
                  | [potion of mutation]
  3735 | D:3      | Gained mutation: You evolve. [potion of mutation]
  3735 | D:3      | Gained mutation: You are strong-willed. (Will+) [potion of
                  | mutation]
  3736 | D:3      | Lost mutation: You evolve. [potion of mutation]
  3736 | D:3      | Lost mutation: You are strong-willed. (Will+) [potion of
                  | mutation]
  3736 | D:3      | Lost mutation: Your magical capacity is low. (-10% MP)
                  | [potion of mutation]
  3736 | D:3      | Gained mutation: Your body sometimes deteriorates upon
                  | taking damage. [potion of mutation]
  3736 | D:3      | Gained mutation: You are resistant to electric shocks.
                  | (rElec) [potion of mutation]
  3736 | D:3      | Gained mutation: You are somewhat resistant to further
                  | mutation. [potion of mutation]
  4135 | D:3      | Noticed Natasha
  4140 | D:3      | Killed Natasha
  4239 | D:4      | Noticed Robin
  4246 | D:4      | Killed Robin
  4288 | D:4      | Noticed Edmund
  4296 | D:4      | Killed Edmund
  4583 | D:4      | Found a stormy altar of Qazlal.
  4675 | D:4      | Noticed Grinder
  4680 | D:4      | Killed Grinder
  4681 | D:4      | Gained mutation: You have sharp fingernails. [demonic
                  | ancestry]
  4681 | D:4      | Reached XP level 7. HP: 54/54 MP: 7/7
  5320 | D:5      | Entered Level 5 of the Dungeon
  5567 | D:5      | Reached skill level 5 in Axes
  5836 | D:5      | Reached *** piety under Trog
  5985 | D:5      | Found a staircase to the Ecumenical Temple.
  6050 | D:5      | Gained mutation: You have very sharp fingernails. [demonic
                  | ancestry]
  6050 | D:5      | Reached XP level 8. HP: 60/61 MP: 8/8
  6285 | D:6      | Reached skill level 5 in Armour
  6374 | D:6      | Reached skill level 5 in Evocations
  6727 | D:6      | Reached skill level 5 in Fighting
  6761 | D:6      | HP: 3/62 [poisoned by a gnoll]
  6769 | D:6      | HP: 3/62 [poisoned by a gnoll]
  6777 | D:6      | HP: 2/62 [poisoned by a gnoll]
  7474 | D:6      | Reached **** piety under Trog
  8120 | D:7      | Reached XP level 9. HP: 62/68 MP: 9/9
  8369 | D:7      | Found an ancient bone altar of Kikubaaqudgha.
  8372 | D:7      | Got a fine ivory amulet
  8381 | D:7      | Identified the amulet of Xuest {Inacc +Blink rElec rC++}
                  | (You found it on level 7 of the Dungeon)
  8515 | D:7      | Found a snail-covered altar of Cheibriados.
  8713 | D:7      | Found an opulent altar of Gozag.
  8860 | D:7      | Found a broken altar of Ashenzari.
  9335 | D:8      | Noticed a +0 dagger
  9335 | D:8      | Noticed a +0 hand axe
  9395 | D:8      | Found a hide-covered altar of Uskayaw.
  9552 | D:8      | Found a basalt altar of Yredelemnul.
  9616 | D:8      | Noticed Joseph
  9659 | D:8      | Killed Joseph
  9744 | D:8      | Noticed Psyche
  9751 | D:8      | Killed Psyche
  9862 | D:8      | Found a shimmering blue altar of Sif Muna.
  9862 | D:8      | Noticed Pikel
  9887 | D:8      | Killed Pikel
  9888 | D:8      | Reached XP level 10. HP: 71/76 MP: 10/10
 10641 | D:9      | Noticed a two-headed ogre
 10651 | D:9      | Noticed Maggie
 10935 | D:8      | Killed a two-headed ogre
 11096 | D:9      | Killed Maggie
 11229 | D:9      | Lost mutation: You are resistant to electric shocks.
                  | (rElec) [potion of mutation]
 11229 | D:9      | Lost mutation: Scrolls take you a little longer to read.
                  | [potion of mutation]
 11571 | D:9      | Noticed swilekon's ghost (novice DEFE)
 11588 | D:9      | Found a transporter.
 11608 | D:9      | Found a transporter.
 11675 | D:9      | Found an opulent altar of Gozag.
 11675 | D:9      | Found a sacrificial altar of Ru.
 11810 | D:9      | Noticed a moth of wrath
 11836 | D:10     | Entered Level 10 of the Dungeon
 11837 | D:10     | Found Hise's Armour Emporium.
 11837 | D:10     | Found a staircase to the Orcish Mines.
 12462 | D:10     | Noticed a manticore
 12468 | D:10     | Killed a manticore
 12622 | D:10     | Noticed a two-headed ogre
 12633 | D:10     | Killed a two-headed ogre
 12634 | D:10     | Gained mutation: You are completely covered in razor-sharp
                  | scales. (AC +3, Slay +3) [demonic ancestry]
 12634 | D:10     | Reached XP level 11. HP: 19/84 MP: 1/11
 13045 | D:10     | Noticed a two-headed ogre
 13049 | D:10     | Killed a two-headed ogre
 13753 | D:10     | You fall into a shaft and drop 1 floor!
 13775 | D:11     | Reached ***** piety under Trog
 13789 | D:11     | Noticed a four-headed hydra
 13794 | D:11     | Noticed an ogre mage
 13797 | D:11     | Noticed an ettin
 13799 | D:11     | Noticed an eight-headed hydra
 14317 | D:10     | Found Meroxo Meso's Magic Scroll Boutique.
 14362 | D:10     | Bought a scroll of brand weapon for 300 gold pieces
 14362 | D:10     | Bought a scroll of fear for 52 gold pieces
 14362 | D:10     | Bought a scroll of identify for 30 gold pieces
 14614 | D:11     | Killed an ettin
 14805 | D:11     | Noticed a tengu warrior
 14827 | D:11     | Killed a tengu warrior
 14962 | D:11     | Killed a four-headed hydra
 15723 | D:9      | Slain by a komodo dragon

Illustrated notes

Levels and vault maps discovered:
D:1:      eino_arrival_water_star, layout_basic
D:2:      layout_basic, lemuel_doored_altar, uniq_crazy_yiuf_cottage,
          uniq_sigmund
D:3:      layout_loops_ring, lightli_temple_of_fire, uniq_natasha
D:4:      layout_basic, grunt_qazlal_sundering, uniq_grinder, uniq_robin,
          uniq_edmund
D:5:      layout_basic, temple_hall
D:6:      layout_layer_cave, hangedman_abyss_or_decor_passed,
          chequers_serial_rivers_micro_c, dk_noncrumbling_2
D:7:      layout_loops_ring, nicolae_overflow_crystal_walls, kennysheep_mini,
          basic_altar, serial_bayou, serial_bayou_ford_a, serial_bayou_lake_a,
          serial_bayou_pond_a, serial_bayou_lagoon_b, minmay_misc_feat_roman,
          cheibrodos_ashenzari_chains
D:8:      layout_rooms, lemuel_crystal_altar, dancing_weapons_uskayaw,
          led_sif_pool, uniq_pikel, uniq_psyche, uniq_joseph
D:9:      cheibrodos_helix_gallery, layout_cave_pools,
          amethyst_overflow_temple_binary, gammafunk_ghost_berserking_beasts,
          grunt_ministairs_6, kennysheep_generic_room_6, uniq_maggie
D:10:     minmay_imperfect_grid, layout_irregular_city, orc_david_3,
          serial_shops, shop
D:11:     minmay_the_grid_square_5x5_4x4 [minmay_the_grid_square_5x5_longway,
          minmay_the_grid_square_5x5_half_checkered,
          minmay_the_grid_square_5x5_bracketed,
          minmay_the_grid_square_5x5_inner_i, minmay_the_grid_square_5x5_inset,
          minmay_the_grid_square_5x5_prize_open,
          minmay_the_grid_square_5x5_prize_monsterx,
          minmay_the_grid_square_5x5_three, minmay_the_grid_square_5x5_shrine1,
          minmay_the_grid_square_5x5_prize_pseudospiral,
          minmay_the_grid_square_5x5_prize_open,
          minmay_the_grid_square_5x5_checkered,
          minmay_the_grid_square_5x5_three_walls,
          minmay_the_grid_square_5x5_moneybag,
          minmay_the_grid_square_5x5_almost_minimal,
          minmay_the_grid_square_5x5_minimal], layout_loops_ring,
          dpeg_oklobed_lair, minivault_26

Skill      XL: |  1  2  3  4  5  6  7  8  9 10 11 |
---------------+----------------------------------+-----
Armour         | 2 3 4 6 7 8 9 |  9.7
Evocations     | 1 2 4 6 7 8 9 |  9.5
Axes           | 3 4 5 6 7 9 |  9.9
Fighting       | 4 5 6 7 8 |  8.1
Dodging        | |  1.7

Action                   |  1- 3 |  4- 6 |  7- 9 | 10-12 || total
-------------------------+-------+-------+-------+-------++-------
Melee: Hand axe          |   116 |     9 |       |    77 ||   202
       Quarterstaff      |       |    74 |   276 |   208 ||   558
       Battleaxe         |       |       |     8 |    49 ||    57
Invok: Berserk           |     4 |     3 |     5 |     9 ||    21
       Trog's Hand       |       |       |     1 |       ||     1
Evoke: Wand              |       |       |    15 |     3 ||    18
  Use: Scroll            |     4 |     6 |     7 |     6 ||    23
       Potion            |     1 |     3 |       |     6 ||    10
 Stab: Paralysed         |       |     3 |     2 |     3 ||     8
       Distracted        |       |       |     2 |     1 ||     3
       Petrified         |       |       |     4 |       ||     4
Armor: Animal skin       |    18 |       |       |       ||    18
       Chain mail        |    35 |    37 |   114 |       ||   186
       Plate armour      |       |       |   109 |   307 ||   416
Dodge: Dodged            |    64 |    29 |   147 |   200 ||   440
       Repelled          |       |       |       |     4 ||     4
